Capitals vs Panthers

Created - March 6, 2018 at 00:48

Goals
1 2 3 T
Capitals 1 2 1 4
Panthers 0 0 2 2
Shots
1 2 3 T
Capitals 20 6 7 33
Panthers 13 5 10 28

1st period

1. Capitals , Jamie Benn 8 (Jason Pominville 30, Scott Gomez 30) at 17:46 (PP)

Penalties :
Jonathan Matsumoto (Flo) for Tripping (Minor) at 5:17, Michal Rozsival (Flo) for Hooking (Minor) at 16:54

2nd period

2. Capitals , Scott Gomez 16 (Christian Ehrhoff 11) at 0:08
3. Capitals , T.J. Oshie 10 (Jay Beagle 4, Chris Kunitz 12) at 2:01

Penalties :
Erik Gudbranson (Flo) for Hooking (Minor) at 2:04, Erik Gudbranson (Flo) for Boarding (Minor) at 6:00, Drew Stafford (Flo) for Hooking (Minor) at 12:29

3rd period

4. Panthers , Drew Stafford 10 (Guillaume Latendresse 37, Cory Emmerton 16) at 0:45 (PP)
5. Panthers , George Parros 9 (Jonathan Sigalet 15) at 2:14
6. Capitals , Jamie Benn 9 (Matt Irwin 12) at 19:24 (Empty Net)

Penalties :
Jaromir Jagr (Was) for Hooking (Minor) at 0:43, Scott Gomez (Was) for Holding (Minor) at 6:20, Jay Beagle (Was) for Roughing (Minor) at 15:50, Daniel Sedin (Flo) for Tripping (Minor) at 0:00

Goalie Stats

Roberto Luongo (Was), 26 saves from 28 shots - (0.929), W, 12-19-1, 60:00 minutes
Petr Mrazek (Flo), 29 saves from 32 shots - (0.906), L, 5-10-2, 59:46 minutes

Players Stats for Capitals

Player Name              G  A  P  +/- PIM S  H  SB GA TA FO     MP     PP MP  PK MP  
------------------------------------------------------------------------------------
Adam Hall                0  0  0   1  0   0  0  0  0  0  0/0     3:30   0:07   0:00 
Brian Boyle              0  0  0   0  0   0  1  0  0  0  2/10   19:39   4:01   0:47 
Cam Atkinson             0  0  0   0  0   1  0  0  0  0  0/0     5:17   0:07   0:00 
Chris Kunitz             0  1  1   0  0   3  0  0  0  0  1/1    13:20   0:00   1:35 
Christian Ehrhoff        0  1  1   0  0   1  2  0  0  1  0/0    26:24   4:41   2:17 
Dougie Hamilton          0  0  0   0  0   0  0  0  0  0  0/0    11:05   0:00   0:00 
Erik Karlsson            0  0  0   2  0   0  2  2  0  0  0/0    22:31   4:07   1:43 
Jamie Benn               2  0  2   2  0   9  0  0  0  3  2/2    20:42   4:40   0:39 
Jaromir Jagr             0  0  0   0  2   3  1  1  2  0  1/3    19:20   4:01   0:26 
Jason Pominville         0  1  1   1  0   1  2  0  1  1  4/5    23:47   4:40   1:57 
Jay Beagle               0  1  1   0  2   0  0  0  0  0  3/4    11:59   0:00   0:12 
Keith Yandle             0  0  0   0  0   0  0  0  0  0  0/0    11:05   0:00   0:00 
Matt Irwin               0  1  1   2  0   0  2  1  1  0  0/0    22:31   4:07   1:43 
Ondrej Palat             0  0  0   0  0   1  0  0  0  0  0/0     6:27   0:00   1:27 
Paul Martin              0  0  0   0  0   2  1  2  1  0  0/0    26:24   4:41   2:17 
Scott Gomez              1  1  2   1  2   8  2  0  1  0  15/30  20:33   4:40   0:57 
T.J. Oshie               1  0  1   1  0   1  0  0  1  0  0/0    12:28   0:07   0:00 
Tuomo Ruutu              0  0  0   0  0   3  1  1  0  2  0/1    18:55   4:01   0:00 

Players Stats for Panthers

Player Name              G  A  P  +/- PIM S  H  SB GA TA FO     MP     PP MP  PK MP  
------------------------------------------------------------------------------------
Alexander Perezhogin     0  0  0  -1  0   0  2  0  0  1  0/0    11:08   0:00   0:00 
Brendan Smith            0  0  0  -1  0   3  1  0  1  0  0/0    25:50   1:41   5:27 
Cédric Lalonde-McNicoll  0  0  0   1  0   0  1  0  0  0  2/3    10:18   0:00   2:58 
Cory Emmerton            0  1  1  -1  0   7  2  1  0  0  13/28  20:05   2:05   1:30 
Daniel Sedin             0  0  0   1  2   1  2  0  1  2  0/0     9:56   0:00   2:06 
Drew Stafford            1  0  1  -1  2   2  0  0  2  0  2/3    20:51   2:05   2:09 
Erik Gudbranson          0  0  0   0  4   1  3  1  0  1  0/0    24:26   2:19   0:29 
George Parros            1  0  1   1  0   2  0  0  0  0  0/1     7:04   0:00   0:00 
Guillaume Latendresse    0  1  1  -1  0   3  0  0  0  1  0/0    23:00   2:05   4:33 
Ian White                0  0  0  -2  0   3  0  2  0  0  0/0    20:00   2:19   0:00 
Jeff Tambellini          0  0  0  -1  0   0  0  0  0  0  0/0    10:33   0:00   0:00 
Jonathan Matsumoto       0  0  0  -1  2   1  1  0  0  0  0/2    10:53   0:00   0:00 
Jonathan Sigalet         0  1  1   0  0   0  0  1  1  0  0/0    14:54   0:00   3:21 
Matthew Spiller          0  0  0   1  0   1  1  0  0  1  0/0    14:37   0:00   3:48 
Michal Rozsival          0  0  0  -2  2   0  1  1  0  1  0/0    20:17   1:41   4:31 
Sergei Samsonov          0  0  0  -1  0   2  0  0  0  0  1/2    14:37   1:55   0:00 
Shawn Horcoff            0  0  0  -1  0   0  1  1  2  0  10/16  18:29   1:55   4:20 
Tomas Kopecky            0  0  0  -1  0   2  1  0  0  0  0/1    14:09   1:55   0:00 

3 Stars

1 - Jamie Benn (Was)
2 - Scott Gomez (Was)
3 - Matt Irwin (Was)

Power Play

Capitals - 1 on 6 Attempt(s) - 16.67%
Panthers - 1 on 3 Attempt(s) - 33.33%

Penalty Kill

Capitals - 2 on 3 Attempt(s) - 66.67% - Score 0 goal in Penalty Kill
Panthers - 5 on 6 Attempt(s) - 83.33% - Score 0 goal in Penalty Kill

Team Stat

Capitals - Hits : 14 - Faceoff Wins : 28 - Blocked Shots : 7 - Penalty Minutes : 6
Panthers - Hits : 16 - Faceoff Wins : 28 - Blocked Shots : 7 - Penalty Minutes : 12

Official

Referees : McCauley Wes and Pochmara Brian
Linesman : Mark Pare and Scott Cherrey

Game Notes

Jamie Benn has scored in a empty net!

Finance

Level 1 -- Attendance: 5792 (96.53%) -- Ticket Income $509,696
Level 2 -- Attendance: 5000 (100.00%) -- Ticket Income $275,000
Level 3 -- Attendance: 1219 (60.95%) -- Ticket Income $60,950
Level 4 -- Attendance: 2694 (67.35%) -- Ticket Income $86,208
Luxury Box -- Attendance: 912 (91.20%) -- Ticket Income $132,240
Game was played at the Bank Atlantic Cente.
Total Attendance: 15617 (86.76%)
Total Ticket Income: $1,064,094
Other Income: $159,614
Total Income: $1,223,708

Capitals

5 vs 5 Forward 
   Center                   Left Wing                Right Wing               Time % Phy DF OF 
 1 Scott Gomez              Jamie Benn               Jason Pominville         40     1   2  2  
 2 Brian Boyle              Tuomo Ruutu              Jaromir Jagr             30     1   2  2  
 3 Jay Beagle               Chris Kunitz             T.J. Oshie               20     1   2  2  
 4 Jason Pominville         Ondrej Palat             Cam Atkinson             10     1   2  2  

5 vs 5 Defense 
   Defense                  Defense                                           Time % Phy DF OF 
 1 Paul Martin              Christian Ehrhoff                                 40     1   2  2  
 2 Matt Irwin               Erik Karlsson                                     30     1   2  2  
 3 Keith Yandle             Dougie Hamilton                                   20     1   2  2  
 4 Paul Martin              Christian Ehrhoff                                 10     1   2  2  

PowerPlay Forward 
   Center                   Left Wing                Right Wing               Time % Phy DF OF 
 1 Scott Gomez              Jamie Benn               Jason Pominville         60     1   2  2  
 2 Brian Boyle              Tuomo Ruutu              Jaromir Jagr             40     1   2  2  

PowerPlay Defense
   Defense                  Defense                                           Time % Phy DF OF 
 1 Paul Martin              Christian Ehrhoff                                 60     1   2  2  
 2 Matt Irwin               Erik Karlsson                                     40     1   2  2  

Penalty Kill 4 Players Forward 
   Center                   Wing                     Time % Phy DF OF 
 1 Jason Pominville         Scott Gomez              60     1   2  2  
 2 Jaromir Jagr             Jamie Benn               40     1   2  2  

Penalty Kill 4 Players Defense
   Defense                  Defense                  Time % Phy DF OF 
 1 Paul Martin              Christian Ehrhoff        60     1   2  2  
 2 Matt Irwin               Erik Karlsson            40     1   2  2  

Penalty Kill - 3 Players Forward 
   Forward                                           Time % Phy DF OF 
 1 Jason Pominville                                  60     1   2  2  
 2 Scott Gomez                                       40     1   2  2  

Penalty Kill - 3 Players Defense
   Defense                  Defense                  Time % Phy DF OF 
 1 Paul Martin              Christian Ehrhoff        60     1   2  2  
 2 Matt Irwin               Erik Karlsson            40     1   2  2  

4 vs 4 Forward 
   Center                   Wing                     Time % Phy DF OF 
 1 Jason Pominville         Scott Gomez              60     1   2  2  
 2 Jaromir Jagr             Jamie Benn               40     1   2  2  

4 vs 4 Defense
   Defense                  Defense                  Time % Phy DF OF 
 1 Paul Martin              Christian Ehrhoff        60     1   2  2  
 2 Matt Irwin               Erik Karlsson            40     1   2  2  

Last Minutes Offensive
   Center                   Left Wing                Right Wing               Defense                  Defense                  
   Scott Gomez              Jamie Benn               Jason Pominville         Paul Martin              Christian Ehrhoff        

Last Minutes Defensive
   Center                   Left Wing                Right Wing               Defense                  Defense                  
   Scott Gomez              Jamie Benn               Jason Pominville         Paul Martin              Christian Ehrhoff        

Goaltenders
Starting : Roberto Luongo           
Backup : Dan Ellis                

Extra Forwards
Normal : Adam Hall, T.J. Oshie, Chris Kunitz - PP : Adam Hall, T.J. Oshie - PK : Chris Kunitz
Extra Defensemen
Normal : Keith Yandle, Dougie Hamilton, Matt Irwin - PP : Keith Yandle - PK : Dougie Hamilton, Matt Irwin
Penalty Shots
Jason Pominville, Scott Gomez, Jaromir Jagr, Jamie Benn, T.J. Oshie

Scratches
Jonathan Toews (Bruised Right Shoulder Injury), Joe Thornton (Left Knee Injury), Matt Carle (Separated Left Shoulder Injury), Michael Grabner (Healthy)

Panthers

5 vs 5 Forward 
   Center                   Left Wing                Right Wing               Time % Phy DF OF 
 1 Cory Emmerton            Guillaume Latendresse    Drew Stafford            40     0   2  3  
 2 Shawn Horcoff            Sergei Samsonov          Tomas Kopecky            30     0   2  3  
 3 Jonathan Matsumoto       Jeff Tambellini          Alexander Perezhogin     20     0   3  2  
 4 Cédric Lalonde-McNicoll  Daniel Sedin             George Parros            10     1   2  2  

5 vs 5 Defense 
   Defense                  Defense                                           Time % Phy DF OF 
 1 Brendan Smith            Erik Gudbranson                                   40     0   2  3  
 2 Ian White                Michal Rozsival                                   30     0   2  3  
 3 Jonathan Sigalet         Matthew Spiller                                   20     0   3  2  
 4 Ian White                Erik Gudbranson                                   10     0   2  3  

PowerPlay Forward 
   Center                   Left Wing                Right Wing               Time % Phy DF OF 
 1 Cory Emmerton            Guillaume Latendresse    Drew Stafford            60     0   1  4  
 2 Shawn Horcoff            Sergei Samsonov          Tomas Kopecky            40     0   1  4  

PowerPlay Defense
   Defense                  Defense                                           Time % Phy DF OF 
 1 Ian White                Erik Gudbranson                                   60     0   2  3  
 2 Brendan Smith            Michal Rozsival                                   40     0   2  3  

Penalty Kill 4 Players Forward 
   Center                   Wing                     Time % Phy DF OF 
 1 Shawn Horcoff            Guillaume Latendresse    60     1   3  1  
 2 Cédric Lalonde-McNicoll  Drew Stafford            40     1   3  1  

Penalty Kill 4 Players Defense
   Defense                  Defense                  Time % Phy DF OF 
 1 Brendan Smith            Michal Rozsival          60     1   4  0  
 2 Matthew Spiller          Jonathan Sigalet         40     1   4  0  

Penalty Kill - 3 Players Forward 
   Forward                                           Time % Phy DF OF 
 1 Cory Emmerton                                     60     0   4  1  
 2 Guillaume Latendresse                             40     0   4  1  

Penalty Kill - 3 Players Defense
   Defense                  Defense                  Time % Phy DF OF 
 1 Brendan Smith            Michal Rozsival          60     1   4  0  
 2 Matthew Spiller          Jonathan Sigalet         40     1   4  0  

4 vs 4 Forward 
   Center                   Wing                     Time % Phy DF OF 
 1 Cory Emmerton            Guillaume Latendresse    60     0   2  3  
 2 Shawn Horcoff            Sergei Samsonov          40     0   2  3  

4 vs 4 Defense
   Defense                  Defense                  Time % Phy DF OF 
 1 Ian White                Erik Gudbranson          60     1   2  2  
 2 Brendan Smith            Michal Rozsival          40     1   2  2  

Last Minutes Offensive
   Center                   Left Wing                Right Wing               Defense                  Defense                  
   Cory Emmerton            Guillaume Latendresse    Drew Stafford            Ian White                Brendan Smith            

Last Minutes Defensive
   Center                   Left Wing                Right Wing               Defense                  Defense                  
   Shawn Horcoff            Guillaume Latendresse    Drew Stafford            Brendan Smith            Matthew Spiller          

Goaltenders
Starting : Petr Mrazek              
Backup : Antti Niemi              

Extra Forwards
Normal : Sergei Samsonov, Guillaume Latendresse, Cory Emmerton - PP : Sergei Samsonov, Daniel Sedin - PK : Shawn Horcoff
Extra Defensemen
Normal : Ian White, Erik Gudbranson, Brendan Smith - PP : Jonathan Sigalet - PK : Matthew Spiller, Erik Gudbranson
Penalty Shots
Guillaume Latendresse, Sergei Samsonov, Jeff Tambellini, Daniel Sedin, Jonathan Matsumoto

Scratches
Brayden Schenn (Sprained Left Finger Injury), Pavel Kubina (Healthy)

% Time on Ice - Capitals

Lines # - Real PCT - Wanted PCT - Time Play
Normal Forward
1 - 32% - 40% - 15:07
2 - 32% - 30% - 14:54
3 - 25% - 20% - 11:45
4 - 11% - 10% - 5:00
Normal Defense
1 - 39% - 40% - 18:08
2 - 35% - 30% - 16:15
3 - 24% - 20% - 11:05
4 - 3% - 10% - 1:18
PP Forward
1 - 54% - 60% - 4:47
2 - 46% - 40% - 4:01
PP Defense
1 - 53% - 60% - 4:41
2 - 47% - 40% - 4:07
PK Forward
1 - 89% - 60% - 3:34
2 - 11% - 40% - 0:26
PK Defense
1 - 57% - 60% - 2:17
2 - 43% - 40% - 1:43
PK3 Forward
1 - 0% - 60%
2 - 0% - 40%
PK3 Defense
1 - 0% - 60%
2 - 0% - 40%
44 Forward
1 - 0% - 60%
2 - 0% - 40%
44 Defense
1 - 0% - 60%
2 - 0% - 40%
Last Minute Offensive  - 0:00
Last Minute Defensive  - 0:26
Total
Forward - 60:00
Defense - 60:00

% Time on Ice - Panthers

Lines # - Real PCT - Wanted PCT - Time Play
Normal Forward
1 - 35% - 40% - 16:23
2 - 27% - 30% - 12:43
3 - 23% - 20% - 10:33
4 - 15% - 10% - 7:04
Normal Defense
1 - 40% - 40% - 18:32
2 - 29% - 30% - 13:42
3 - 23% - 20% - 10:46
4 - 8% - 10% - 3:43
PP Forward
1 - 52% - 60% - 2:05
2 - 48% - 40% - 1:55
PP Defense
1 - 58% - 60% - 2:19
2 - 42% - 40% - 1:41
PK Forward
1 - 66% - 60% - 5:50
2 - 34% - 40% - 2:58
PK Defense
1 - 62% - 60% - 5:27
2 - 38% - 40% - 3:21
PK3 Forward
1 - 0% - 60%
2 - 0% - 40%
PK3 Defense
1 - 0% - 60%
2 - 0% - 40%
44 Forward
1 - 0% - 60%
2 - 0% - 40%
44 Defense
1 - 0% - 60%
2 - 0% - 40%
Last Minute Offensive  - 0:29
Last Minute Defensive  - 0:00
Total
Forward - 60:00
Defense - 60:00

Play by Play

1st period


0:01 of 1st period - Scott Gomez wins face-off versus Cory Emmerton in neutral zone.
0:51 of 1st period - Christian Ehrhoff is hit by Jonathan Matsumoto and loses puck.
1:53 of 1st period - Snap shot by Tomas Kopecky.
1:53 of 1st period - Shot Blocked by Tuomo Ruutu.
2:09 of 1st period - T.J. Oshie is hit by Alexander Perezhogin and loses puck.
3:22 of 1st period - Erik Karlsson is hit by Erik Gudbranson and loses puck.
3:37 of 1st period - Cédric Lalonde-McNicoll is hit by Scott Gomez and loses puck.
3:46 of 1st period - Snap shot by Daniel Sedin.
3:46 of 1st period - Stopped by Roberto Luongo with a rebound.
4:14 of 1st period - Icing by Brian Boyle.
4:15 of 1st period - Shawn Horcoff wins face-off versus Scott Gomez in Capitals zone.
4:18 of 1st period - Snap shot by Tomas Kopecky.
4:18 of 1st period - Shot Misses the Net.
4:20 of 1st period - Slapshot by Brendan Smith.
4:20 of 1st period - Shot Misses the Net.
5:09 of 1st period - Snap shot by Jaromir Jagr.
5:09 of 1st period - Shot Misses the Net.
5:11 of 1st period - Snap shot by Christian Ehrhoff.
5:11 of 1st period - Shot Blocked by Ian White.
5:17 of 1st period - Minor Penalty to Jonathan Matsumoto for Tripping.
5:18 of 1st period - Scott Gomez wins face-off versus Shawn Horcoff in Panthers zone.
5:21 of 1st period - Snap shot by Jamie Benn.
5:21 of 1st period - Shot Misses the Net.
5:51 of 1st period - Wrist shot by Jaromir Jagr.
5:51 of 1st period - Shot Blocked by Michal Rozsival.
7:17 of 1st period - Penalty to Jonathan Matsumoto is over, Jonathan Matsumoto is back on ice.
7:38 of 1st period - Snap shot by Jeff Tambellini.
7:38 of 1st period - Deflect By Jonathan Matsumoto.
7:38 of 1st period - Stopped by Roberto Luongo with a rebound.
7:52 of 1st period - Wrist shot by Ondrej Palat.
7:52 of 1st period - Stopped by Petr Mrazek with a rebound.
7:54 of 1st period - Slapshot by Cam Atkinson.
7:54 of 1st period - Stopped by Petr Mrazek with a rebound.
8:47 of 1st period - Wrist shot by Guillaume Latendresse.
8:47 of 1st period - Deflect By Cory Emmerton.
8:47 of 1st period - Stopped by Roberto Luongo with a rebound.
9:07 of 1st period - Snap shot by Sergei Samsonov.
9:07 of 1st period - Stopped by Roberto Luongo with a rebound.
9:23 of 1st period - Jason Pominville is hit by Matthew Spiller and loses puck.
9:53 of 1st period - Off-side.
9:54 of 1st period - Brian Boyle wins face-off versus Cory Emmerton in neutral zone.
10:05 of 1st period - Snap shot by Drew Stafford.
10:05 of 1st period - Stopped by Roberto Luongo with a rebound.
10:07 of 1st period - Slapshot by Guillaume Latendresse.
10:07 of 1st period - Stopped by Roberto Luongo without a rebound.
10:08 of 1st period - Sergei Samsonov wins face-off versus Scott Gomez in Capitals zone.
10:15 of 1st period - Snap shot by Scott Gomez.
10:15 of 1st period - Stopped by Petr Mrazek without a rebound.
10:16 of 1st period - Shawn Horcoff wins face-off versus Scott Gomez in Panthers zone.
10:43 of 1st period - Wrist shot by Chris Kunitz.
10:43 of 1st period - Stopped by Petr Mrazek with a rebound.
11:27 of 1st period - Wrist shot by Tuomo Ruutu.
11:27 of 1st period - Stopped by Petr Mrazek with a rebound.
11:29 of 1st period - Slapshot by Christian Ehrhoff.
11:29 of 1st period - Deflect By Jeff Tambellini.
11:29 of 1st period - Stopped by Petr Mrazek without a rebound.
11:30 of 1st period - Scott Gomez wins face-off versus Jonathan Matsumoto in Panthers zone.
11:47 of 1st period - Slapshot by Brendan Smith.
11:47 of 1st period - Deflect By Scott Gomez.
11:47 of 1st period - Stopped by Roberto Luongo without a rebound.
11:48 of 1st period - Cory Emmerton wins face-off versus Brian Boyle in Capitals zone.
11:55 of 1st period - Wrist shot by Cory Emmerton.
11:55 of 1st period - Stopped by Roberto Luongo with a rebound.
12:57 of 1st period - Snap shot by Cory Emmerton.
12:57 of 1st period - Stopped by Roberto Luongo without a rebound.
12:58 of 1st period - Scott Gomez wins face-off versus Tomas Kopecky in Capitals zone.
13:07 of 1st period - Snap shot by Scott Gomez.
13:07 of 1st period - Stopped by Petr Mrazek with a rebound.
13:32 of 1st period - Snap shot by Ian White.
13:32 of 1st period - Stopped by Roberto Luongo without a rebound.
13:33 of 1st period - Shawn Horcoff wins face-off versus Scott Gomez in Capitals zone.
13:58 of 1st period - Jaromir Jagr is hit by Alexander Perezhogin and loses puck.
14:28 of 1st period - Wrist shot by George Parros.
14:28 of 1st period - Stopped by Roberto Luongo with a rebound.
14:30 of 1st period - Slapshot by Matthew Spiller.
14:30 of 1st period - Stopped by Roberto Luongo with a rebound.
15:35 of 1st period - Wrist shot by Tuomo Ruutu.
15:35 of 1st period - Shot Misses the Net.
15:55 of 1st period - Snap shot by Jamie Benn.
15:55 of 1st period - Stopped by Petr Mrazek without a rebound.
15:56 of 1st period - Cory Emmerton wins face-off versus Scott Gomez in Panthers zone.
16:37 of 1st period - Slapshot by Scott Gomez.
16:37 of 1st period - Stopped by Petr Mrazek with a rebound.
16:39 of 1st period - Wrist shot by Scott Gomez.
16:39 of 1st period - Stopped by Petr Mrazek with a rebound.
16:41 of 1st period - Snap shot by Jamie Benn.
16:41 of 1st period - Stopped by Petr Mrazek with a rebound.
16:43 of 1st period - Slapshot by Jamie Benn.
16:43 of 1st period - Stopped by Petr Mrazek with a rebound.
16:45 of 1st period - Wrist shot by Jason Pominville.
16:45 of 1st period - Shot Blocked by Erik Gudbranson.
16:47 of 1st period - Snap shot by Jamie Benn.
16:47 of 1st period - Stopped by Petr Mrazek with a rebound.
16:49 of 1st period - Wrist shot by Jamie Benn.
16:49 of 1st period - Stopped by Petr Mrazek without a rebound.
16:50 of 1st period - Jay Beagle wins face-off versus Sergei Samsonov in Panthers zone.
16:54 of 1st period - Minor Penalty to Michal Rozsival for Hooking.
16:55 of 1st period - Shawn Horcoff wins face-off versus Brian Boyle in Panthers zone.
17:24 of 1st period - Off-side.
17:25 of 1st period - Cédric Lalonde-McNicoll wins face-off versus Scott Gomez in neutral zone.
17:30 of 1st period - Slapshot by Brendan Smith.
17:30 of 1st period - Stopped by Roberto Luongo without a rebound.
17:31 of 1st period - Scott Gomez wins face-off versus Cédric Lalonde-McNicoll in Capitals zone.
17:46 of 1st period - Slapshot by Jamie Benn.
17:46 of 1st period - Goal by Jamie Benn - Capitals : 1 - Panthers : 0.
17:47 of 1st period - Jamie Benn wins face-off versus Cory Emmerton in neutral zone.
17:52 of 1st period - Wrist shot by Paul Martin.
17:52 of 1st period - Stopped by Petr Mrazek with a rebound.
17:54 of 1st period - Wrist shot by Scott Gomez.
17:54 of 1st period - Stopped by Petr Mrazek without a rebound.
17:55 of 1st period - Cory Emmerton wins face-off versus Scott Gomez in Panthers zone.
18:06 of 1st period - Wrist shot by Scott Gomez.
18:06 of 1st period - Stopped by Petr Mrazek without a rebound.
18:07 of 1st period - Shawn Horcoff wins face-off versus Scott Gomez in Panthers zone.
18:30 of 1st period - Icing by Erik Gudbranson.
18:31 of 1st period - Drew Stafford wins face-off versus Brian Boyle in Panthers zone.
18:46 of 1st period - Snap shot by Drew Stafford.
18:46 of 1st period - Shot Misses the Net.
19:24 of 1st period - Snap shot by T.J. Oshie.
19:24 of 1st period - Deflect By Chris Kunitz.
19:24 of 1st period - Stopped by Petr Mrazek without a rebound.
19:25 of 1st period - Cory Emmerton wins face-off versus Brian Boyle in Panthers zone.
19:25 of 1st period - Cory Emmerton is hit by Jaromir Jagr.
19:39 of 1st period - Slapshot by Guillaume Latendresse.
19:39 of 1st period - Shot Blocked by Paul Martin.
19:45 of 1st period - Paul Martin is hit by Erik Gudbranson and loses puck.
19:58 of 1st period - Slapshot by Tuomo Ruutu.
19:58 of 1st period - Stopped by Petr Mrazek with a rebound.
Goals for this period are 1 for Capitals vs 0 for Panthers.
Shots for this period are 20 for Capitals vs 13 for Panthers.

2nd period


0:01 of 2nd period - Scott Gomez wins face-off versus Shawn Horcoff in neutral zone.
0:08 of 2nd period - Wrist shot by Scott Gomez.
0:08 of 2nd period - Goal by Scott Gomez - Capitals : 2 - Panthers : 0.
0:09 of 2nd period - Cory Emmerton wins face-off versus Scott Gomez in neutral zone.
0:18 of 2nd period - Slapshot by Paul Martin.
0:18 of 2nd period - Shot Misses the Net.
0:20 of 2nd period - Wrist shot by Scott Gomez.
0:20 of 2nd period - Shot Blocked by Cory Emmerton.
0:22 of 2nd period - Snap shot by Jamie Benn.
0:22 of 2nd period - Shot Misses the Net.
0:34 of 2nd period - Tomas Kopecky is hit by Tuomo Ruutu and loses puck.
0:41 of 2nd period - Snap shot by Jaromir Jagr.
0:41 of 2nd period - Stopped by Petr Mrazek with a rebound.
0:43 of 2nd period - Wrist shot by Tuomo Ruutu.
0:43 of 2nd period - Stopped by Petr Mrazek without a rebound.
0:44 of 2nd period - Scott Gomez wins face-off versus Cory Emmerton in Panthers zone.
0:57 of 2nd period - Wrist shot by Guillaume Latendresse.
0:57 of 2nd period - Shot Blocked by Matt Irwin.
1:59 of 2nd period - Snap shot by Jay Beagle.
1:59 of 2nd period - Shot Blocked by Ian White.
2:01 of 2nd period - Wrist shot by T.J. Oshie.
2:01 of 2nd period - Goal by T.J. Oshie - Capitals : 3 - Panthers : 0.
2:02 of 2nd period - Cory Emmerton wins face-off versus Scott Gomez in neutral zone.
2:04 of 2nd period - Minor Penalty to Erik Gudbranson for Hooking.
2:05 of 2nd period - Shawn Horcoff wins face-off versus Scott Gomez in Panthers zone.
2:05 of 2nd period - Shawn Horcoff is hit by Jason Pominville.
2:44 of 2nd period - Christian Ehrhoff is hit by Cédric Lalonde-McNicoll and loses puck.
4:04 of 2nd period - Penalty to Erik Gudbranson is over, Erik Gudbranson is back on ice.
4:09 of 2nd period - Michal Rozsival is hit by Erik Karlsson and loses puck.
4:16 of 2nd period - Slapshot by Ian White.
4:16 of 2nd period - Stopped by Roberto Luongo without a rebound.
4:17 of 2nd period - Jay Beagle wins face-off versus Jonathan Matsumoto in Capitals zone.
5:04 of 2nd period - Snap shot by Cory Emmerton.
5:04 of 2nd period - Shot Hit the Post.
5:20 of 2nd period - Snap shot by Sergei Samsonov.
5:20 of 2nd period - Shot Misses the Net.
5:22 of 2nd period - Snap shot by Tomas Kopecky.
5:22 of 2nd period - Deflect By Jason Pominville.
5:22 of 2nd period - Shot Blocked by Paul Martin.
5:22 of 2nd period - Puck is out of play.
5:23 of 2nd period - Chris Kunitz wins face-off versus Shawn Horcoff in Capitals zone.
6:00 of 2nd period - Minor Penalty to Erik Gudbranson for Boarding.
6:01 of 2nd period - Scott Gomez wins face-off versus Shawn Horcoff in Panthers zone.
6:16 of 2nd period - Snap shot by Jason Pominville.
6:16 of 2nd period - Shot Misses the Net.
6:26 of 2nd period - Shawn Horcoff is hit by Brian Boyle and loses puck.
7:07 of 2nd period - Matthew Spiller is hit by Scott Gomez and loses puck.
7:30 of 2nd period - Slapshot by Matthew Spiller.
7:30 of 2nd period - Deflect By Cory Emmerton.
7:30 of 2nd period - Shot Misses the Net.
7:30 of 2nd period - Puck is out of play.
7:31 of 2nd period - Cory Emmerton wins face-off versus Jaromir Jagr in Capitals zone.
8:00 of 2nd period - Penalty to Erik Gudbranson is over, Erik Gudbranson is back on ice.
8:14 of 2nd period - Slapshot by Michal Rozsival.
8:14 of 2nd period - Shot Blocked by Erik Karlsson.
8:32 of 2nd period - Daniel Sedin is hit by Jason Pominville and loses puck.
8:43 of 2nd period - Snap shot by Jaromir Jagr.
8:43 of 2nd period - Stopped by Petr Mrazek with a rebound.
9:09 of 2nd period - Snap shot by Shawn Horcoff.
9:09 of 2nd period - Shot Blocked by Jaromir Jagr.
9:53 of 2nd period - Snap shot by Cory Emmerton.
9:53 of 2nd period - Stopped by Roberto Luongo without a rebound.
9:54 of 2nd period - Jason Pominville wins face-off versus Cory Emmerton in Capitals zone.
10:00 of 2nd period - Off-side.
10:01 of 2nd period - Jaromir Jagr wins face-off versus Cory Emmerton in neutral zone.
10:59 of 2nd period - Icing by Jamie Benn.
11:00 of 2nd period - Scott Gomez wins face-off versus Cory Emmerton in Capitals zone.
11:05 of 2nd period - Michal Rozsival is hit by Matt Irwin and loses puck.
11:56 of 2nd period - Slapshot by Ian White.
11:56 of 2nd period - Deflect By Jeff Tambellini.
11:56 of 2nd period - Shot Misses the Net.
11:56 of 2nd period - Puck is out of play.
11:57 of 2nd period - Cory Emmerton wins face-off versus Tuomo Ruutu in Capitals zone.
12:08 of 2nd period - Snap shot by Guillaume Latendresse.
12:08 of 2nd period - Stopped by Roberto Luongo without a rebound.
12:09 of 2nd period - Drew Stafford wins face-off versus Scott Gomez in Capitals zone.
12:12 of 2nd period - Snap shot by Cory Emmerton.
12:12 of 2nd period - Stopped by Roberto Luongo without a rebound.
12:13 of 2nd period - Scott Gomez wins face-off versus Cory Emmerton in Capitals zone.
12:29 of 2nd period - Minor Penalty to Drew Stafford for Hooking.
12:30 of 2nd period - Shawn Horcoff wins face-off versus Scott Gomez in Panthers zone.
12:56 of 2nd period - Brendan Smith is hit by Paul Martin and loses puck.
14:29 of 2nd period - Penalty to Drew Stafford is over, Drew Stafford is back on ice.
15:37 of 2nd period - Slapshot by Paul Martin.
15:37 of 2nd period - Stopped by Petr Mrazek with a rebound.
17:26 of 2nd period - Jonathan Sigalet is hit by Erik Karlsson and loses puck.
19:02 of 2nd period - Jason Pominville is hit by Cory Emmerton and loses puck.
19:35 of 2nd period - Cam Atkinson is hit by Daniel Sedin and loses puck.
19:40 of 2nd period - Slapshot by Brendan Smith.
19:40 of 2nd period - Stopped by Roberto Luongo without a rebound.
19:41 of 2nd period - Jay Beagle wins face-off versus George Parros in Capitals zone.
19:53 of 2nd period - Icing by Brendan Smith.
19:54 of 2nd period - Cédric Lalonde-McNicoll wins face-off versus Brian Boyle in Panthers zone.
Goals for this period are 2 for Capitals vs 0 for Panthers.
Shots for this period are 6 for Capitals vs 5 for Panthers.

3rd period


0:01 of 3rd period - Scott Gomez wins face-off versus Cory Emmerton in neutral zone.
0:04 of 3rd period - Snap shot by Jamie Benn.
0:04 of 3rd period - Stopped by Petr Mrazek with a rebound.
0:16 of 3rd period - Snap shot by Guillaume Latendresse.
0:16 of 3rd period - Stopped by Roberto Luongo with a rebound.
0:26 of 3rd period - Sergei Samsonov is hit by Christian Ehrhoff and loses puck.
0:35 of 3rd period - Slapshot by Jaromir Jagr.
0:35 of 3rd period - Shot Blocked by Shawn Horcoff.
0:43 of 3rd period - Minor Penalty to Jaromir Jagr for Hooking.
0:44 of 3rd period - Cory Emmerton wins face-off versus Scott Gomez in Capitals zone.
0:45 of 3rd period - Slapshot by Guillaume Latendresse.
0:45 of 3rd period - Deflect By Drew Stafford.
0:45 of 3rd period - Goal by Drew Stafford - Capitals : 3 - Panthers : 1.
0:46 of 3rd period - Scott Gomez wins face-off versus Cory Emmerton in neutral zone.
0:57 of 3rd period - Wrist shot by Cory Emmerton.
0:57 of 3rd period - Stopped by Roberto Luongo without a rebound.
0:58 of 3rd period - Scott Gomez wins face-off versus Cory Emmerton in Capitals zone.
1:05 of 3rd period - Wrist shot by Scott Gomez.
1:05 of 3rd period - Stopped by Petr Mrazek with a rebound.
2:06 of 3rd period - Snap shot by Daniel Sedin.
2:06 of 3rd period - Shot Misses the Net.
2:14 of 3rd period - Wrist shot by George Parros.
2:14 of 3rd period - Goal by George Parros - Capitals : 3 - Panthers : 2.
2:15 of 3rd period - Scott Gomez wins face-off versus Cory Emmerton in neutral zone.
2:40 of 3rd period - Jaromir Jagr is hit by Shawn Horcoff and loses puck.
2:45 of 3rd period - Snap shot by Tomas Kopecky.
2:45 of 3rd period - Shot Misses the Net.
2:47 of 3rd period - Wrist shot by Tomas Kopecky.
2:47 of 3rd period - Stopped by Roberto Luongo without a rebound.
2:48 of 3rd period - Jason Pominville wins face-off versus Cory Emmerton in Capitals zone.
2:48 of 3rd period - Jason Pominville is hit by Michal Rozsival.
4:23 of 3rd period - Icing by Erik Gudbranson.
4:24 of 3rd period - Shawn Horcoff wins face-off versus Brian Boyle in Panthers zone.
4:33 of 3rd period - Slapshot by Tomas Kopecky.
4:33 of 3rd period - Stopped by Roberto Luongo without a rebound.
4:34 of 3rd period - Jamie Benn wins face-off versus Cory Emmerton in Capitals zone.
5:28 of 3rd period - Snap shot by Jeff Tambellini.
5:28 of 3rd period - Shot Misses the Net.
6:20 of 3rd period - Minor Penalty to Scott Gomez for Holding.
6:21 of 3rd period - Cory Emmerton wins face-off versus Jason Pominville in Capitals zone.
8:20 of 3rd period - Penalty to Scott Gomez is over, Scott Gomez is back on ice.
8:47 of 3rd period - Snap shot by Cédric Lalonde-McNicoll.
8:47 of 3rd period - Shot Misses the Net.
9:44 of 3rd period - Jamie Benn is hit by Daniel Sedin and loses puck.
10:06 of 3rd period - Off-side.
10:07 of 3rd period - Shawn Horcoff wins face-off versus Brian Boyle in neutral zone.
10:15 of 3rd period - Icing by Christian Ehrhoff.
10:16 of 3rd period - Cory Emmerton wins face-off versus Brian Boyle in Capitals zone.
10:35 of 3rd period - Slapshot by Jaromir Jagr.
10:35 of 3rd period - Stopped by Petr Mrazek without a rebound.
10:36 of 3rd period - Scott Gomez wins face-off versus Shawn Horcoff in Panthers zone.
10:43 of 3rd period - Snap shot by Jason Pominville.
10:43 of 3rd period - Stopped by Petr Mrazek with a rebound.
10:45 of 3rd period - Snap shot by Jamie Benn.
10:45 of 3rd period - Stopped by Petr Mrazek with a rebound.
10:47 of 3rd period - Slapshot by Paul Martin.
10:47 of 3rd period - Shot Misses the Net.
11:08 of 3rd period - Wrist shot by Jay Beagle.
11:08 of 3rd period - Shot Misses the Net.
11:10 of 3rd period - Snap shot by Chris Kunitz.
11:10 of 3rd period - Stopped by Petr Mrazek without a rebound.
11:11 of 3rd period - Cory Emmerton wins face-off versus Scott Gomez in Panthers zone.
11:37 of 3rd period - Matt Irwin is hit by Tomas Kopecky and loses puck.
14:28 of 3rd period - Slapshot by Ian White.
14:28 of 3rd period - Stopped by Roberto Luongo without a rebound.
14:29 of 3rd period - Brian Boyle wins face-off versus Shawn Horcoff in Capitals zone.
14:33 of 3rd period - Icing by Christian Ehrhoff.
14:34 of 3rd period - Shawn Horcoff wins face-off versus Jaromir Jagr in Capitals zone.
14:37 of 3rd period - Slapshot by Sergei Samsonov.
14:37 of 3rd period - Stopped by Roberto Luongo with a rebound.
14:59 of 3rd period - Jason Pominville is hit by Cory Emmerton and loses puck.
15:25 of 3rd period - Icing by Matthew Spiller.
15:26 of 3rd period - Cory Emmerton wins face-off versus Jay Beagle in Panthers zone.
15:26 of 3rd period - Cory Emmerton is hit by Matt Irwin.
15:44 of 3rd period - Wrist shot by Jonathan Matsumoto.
15:44 of 3rd period - Shot Blocked by Erik Karlsson.
15:50 of 3rd period - Minor Penalty to Jay Beagle for Roughing.
15:51 of 3rd period - Jason Pominville wins face-off versus Drew Stafford in Capitals zone.
16:28 of 3rd period - Slapshot by Erik Gudbranson.
16:28 of 3rd period - Stopped by Roberto Luongo with a rebound.
17:41 of 3rd period - Christian Ehrhoff is hit by Erik Gudbranson and loses puck.
17:50 of 3rd period - Penalty to Jay Beagle is over, Jay Beagle is back on ice.
17:56 of 3rd period - Ian White is hit by Christian Ehrhoff and loses puck.
18:49 of 3rd period - Scott Gomez is hit by Brendan Smith and loses puck.
19:10 of 3rd period - Panthers, Petr Mrazek is pulled from the net.
19:10 of 3rd period - Snap shot by Cory Emmerton.
19:10 of 3rd period - Stopped by Roberto Luongo with a rebound.
19:16 of 3rd period - Slapshot by Matt Irwin.
19:16 of 3rd period - Shot Misses the Net.
19:22 of 3rd period - Wrist shot by Jamie Benn.
19:22 of 3rd period - Shot Blocked by Jonathan Sigalet.
19:24 of 3rd period - Wrist shot by Jamie Benn.
19:24 of 3rd period - Goal by Jamie Benn - Capitals : 4 - Panthers : 2.
19:24 of 3rd period - Petr Mrazek from Panthers was sent back in the game.
19:25 of 3rd period - Jason Pominville wins face-off versus Cory Emmerton in neutral zone.
19:32 of 3rd period - Wrist shot by Ondrej Palat.
19:32 of 3rd period - Shot Misses the Net.
Goals for this period are 1 for Capitals vs 2 for Panthers.
Shots for this period are 7 for Capitals vs 10 for Panthers.
0:00 - Minor Penalty to Daniel Sedin for Tripping.